Map: 国王藏宝地-天梯版

Players

SouLeer

  • Race: Zerg Zerg
  • League: Master

Lambo - Winner!

  • Race: Zerg Zerg

Event: WESG 2018 Grand Finals

VOD

Have the link to the VOD?

Description

Time

  • Played on: March 11, 2019, 12:18 a.m.
  • Length: 11:22

All games in this series

Show
View Real Time Build Order
Export as new Build Order

SouLeer Zerg 

Build Orders: Hatch First, Zergling Baneling 

Get SALT Encoding   

  12  0:00  Drone  
  13  0:12  Overlord  
  13  0:17  Drone  
  14  0:30  Drone  
  14  0:31  Drone  
  14  0:35  Drone  
  17  0:53  Hatchery  
  17  0:55  Drone  
  17  0:59  Drone  
  18  1:09  Extractor  
  17  1:14  Spawning Pool  
  17  1:17  Drone  
  17  1:20  Drone  
  18  1:29  Drone  
  19  1:39  Overlord  
  19  1:50  Drone  
  20  2:01  Queen, Zergling x2  
  22  2:04  Queen  
  22  2:05  Zergling x2  
  26  2:09  Metabolic Boost  
  26  2:11  Drone  
  27  2:16  Drone  
  28  2:23  Drone  
  28  2:27  Drone  
  30  2:33  Drone  
  31  2:43  Hatchery  
  30  2:46  Drone  
  31  2:52  Baneling Nest  
  31  2:54  Drone  
  31  2:58  Overlord  
  31  3:01  Drone  
  31  3:03  Zergling x2  
  33  3:06  Zergling x2  
  33  3:10  Zergling x2  
  33  3:12  Zergling x2  
  36  3:17  Zergling x4  
  38  3:20  Zergling x4  
  38  3:23  Zergling x2  
  38  3:26  Zergling x2  
  42  3:29  Overlord  
  42  3:36  Zergling x4  
  42  3:38  Baneling x3  
  42  3:40  Baneling  
  44  3:46  Overlord  
  44  3:48  Zergling x2  
  44  3:49  Zergling x2  
  44  3:53  Baneling x2  
  44  3:54  Baneling  
  47  3:55  Drone  
  47  3:59  Drone x2  
  47  4:02  Drone  
  50  4:04  Drone  
  50  4:09  Drone x2  
  48  4:19  Baneling x3  
  48  4:21  Drone x4  
  50  4:25  Drone x2  
  50  4:27  Zergling x4  
  51  4:32  Drone x2  
  51  4:35  Extractor  
  51  4:38  Drone x3  
  55  4:43  Drone x2  
  53  4:48  Zergling x2  
  53  4:52  Zergling x2  
  53  4:53  Roach Warren, Zergling x2  
  53  4:55  Baneling x3  
  53  4:56  Baneling  
  53  5:00  Queen, Extractor  
  53  5:02  Zergling x4  
  53  5:05  Zergling x2  
  57  5:08  Drone x3  
  57  5:11  Drone x2  
  60  5:16  Overlord  
  60  5:20  Evolution Chamber  
  59  5:22  Overlord  
  59  5:25  Lair  
  59  5:29  Overlord  
  59  5:32  Extractor  
  59  5:34  Drone x3  
  61  5:37  Drone x2  
  61  5:39  Drone  
  61  5:41  Drone  
  65  5:44  Drone x3  
  65  5:48  Drone x2  
  65  5:49  Drone  
  71  5:51  Drone  
  71  5:53  Zerg Missile Weapons Level 1  
  71  5:57  Extractor  
  71  6:00  Drone x2  
  71  6:04  Overlord  
  72  6:06  Overlord  
  72  6:12  Overlord  
  72  6:15  Drone x7  
  72  6:16  Extractor  
  78  6:20  Overlord  
  78  6:23  Drone  
  75  6:36  Overlord  
  75  6:43  Overlord  
  75  6:46  Roach x8  
  89  6:48  Roach  
  89  6:49  Hatchery  
  89  6:50  Roach  
  89  6:53  Glial Reconstitution  
  92  6:58  Roach x2  
  92  6:59  Roach x2  
  100  7:02  Roach  
  100  7:05  Roach  
  100  7:06  Roach  
  100  7:07  Ravager x4  
  100  7:08  Overseer  
  110  7:10  Overlord  
  110  7:12  Roach  
  110  7:14  Roach  
  114  7:21  Roach x4  
  122  7:23  Roach x2  
  122  7:25  Roach  
  122  7:29  Burrow  
  128  7:31  Overlord x2  
  128  7:34  Overlord  
  128  7:40  Roach  
  128  7:43  Overlord  
  130  7:44  Overlord  
  134  7:51  Roach x4  
  134  7:52  Roach x2  
  134  7:54  Roach  
  144  8:00  Roach  
  144  8:01  Roach  
  144  8:02  Roach x2  
  144  8:03  Roach, Ravager x2  
  144  8:05  Roach x2  
  160  8:09  Roach x2  
  160  8:12  Roach x2  
  166  8:22  Drone x4  
  167  8:29  Roach x4  
  167  8:31  Roach x6  
  167  8:33  Overlord  
  175  8:37  Overlord  
  175  8:40  Tunneling Claws  
  173  8:42  Zerg Missile Weapons Level 2  
  173  8:45  Drone x2  
  175  8:51  Queen  
  175  8:52  Roach x3  
  175  8:55  Drone x3  
  177  9:00  Drone x3  
  177  9:08  Roach, Ravager x4  
  177  9:09  Roach  
  180  9:18  Roach x4  
  180  9:21  Roach  
  180  9:23  Roach  
  188  9:24  Roach  
  190  9:34  Roach  
  190  9:36  Overlord  
  190  9:37  Overlord  
  170  9:47  Roach  
  170  9:48  Roach x7  
  170  9:49  Roach  
  151  9:53  Roach x2  
  151  9:55  Roach  
  151  9:59  Roach x2  
  140  10:01  Roach x2  
  140  10:06  Roach x2  
  144  10:15  Roach x5  
  144  10:19  Roach x2  
  158  10:21  Ravager x4  
  158  10:23  Roach  
  158  10:28  Roach x2  
  164  10:32  Roach x2  
  164  10:34  Roach  
  166  10:41  Roach x4  
  174  10:48  Roach x3  
  176  10:52  Roach x2  
  164  10:58  Roach x3  
Show
View Real Time Build Order
Export as new Build Order

Lambo Zerg - Winner!

Build Orders: Hatch First, Zergling Baneling 

Get SALT Encoding   

  12  0:01  Drone  
  13  0:12  Overlord  
  13  0:17  Drone  
  14  0:30  Drone x2  
  16  0:49  Hatchery  
  15  0:52  Drone  
  15  0:56  Drone  
  17  0:59  Drone  
  18  1:10  Extractor  
  17  1:15  Spawning Pool  
  17  1:18  Drone  
  17  1:21  Drone  
  18  1:27  Drone  
  19  1:38  Drone  
  20  1:49  Overlord  
  20  2:01  Queen x2  
  20  2:02  Zergling x4  
  26  2:11  Drone  
  26  2:12  Metabolic Boost  
  26  2:15  Drone  
  28  2:22  Drone  
  29  2:31  Drone  
  29  2:34  Zergling x2  
  31  2:41  Hatchery  
  30  2:44  Zergling x2  
  30  2:46  Drone  
  32  2:58  Overlord, Baneling Nest  
  31  3:00  Drone  
  31  3:01  Drone  
  33  3:06  Zergling x2  
  33  3:09  Drone x2  
  36  3:17  Drone  
  36  3:18  Drone  
  36  3:19  Drone  
  39  3:20  Zergling x2  
  39  3:24  Overlord  
  40  3:27  Drone  
  40  3:32  Zergling x4  
  42  3:41  Zergling x2  
  42  3:43  Baneling x4  
  42  3:47  Drone  
  42  3:48  Queen  
  46  3:54  Baneling x2  
  46  3:55  Drone x2  
  48  3:56  Queen  
  50  4:07  Baneling  
  50  4:09  Queen  
  50  4:11  Zergling x2  
  50  4:16  Zergling x6  
  51  4:24  Drone x4  
  51  4:27  Drone  
  51  4:29  Baneling x2  
  51  4:34  Drone x2  
  53  4:44  Drone x4  
  56  4:47  Drone x2  
  56  4:51  Baneling x2  
  57  4:55  Drone, Extractor x2  
  57  4:56  Overlord  
  57  4:57  Drone  
  57  4:58  Evolution Chamber  
  56  5:00  Drone  
  56  5:02  Overlord  
  56  5:06  Overlord  
  55  5:16  Drone x8  
  55  5:18  Drone x2  
  65  5:22  Zergling x2  
  65  5:23  Zergling x4  
  65  5:25  Drone  
  65  5:28  Zerg Missile Weapons Level 1  
  68  5:31  Zergling x4  
  70  5:36  Baneling x3  
  70  5:39  Roach Warren, Drone  
  70  5:40  Drone  
  70  5:41  Zergling x2  
  72  5:46  Drone x2  
  72  5:48  Lair  
  74  5:51  Drone x2  
  74  5:54  Drone x2  
  74  5:56  Drone x2  
  80  5:59  Drone  
  80  6:01  Overlord  
  81  6:07  Extractor  
  81  6:09  Pneumatized Carapace, Extractor  
  81  6:11  Extractor  
  78  6:14  Drone x3  
  81  6:21  Drone x9  
  89  6:29  Roach  
  89  6:32  Baneling x2  
  88  6:34  Roach  
  90  6:43  Hatchery  
  90  6:46  Overlord x2  
  89  6:47  Overlord  
  89  6:49  Overlord  
  89  6:51  Overlord x2  
  88  6:54  Glial Reconstitution  
  88  6:56  Overlord  
  88  6:57  Evolution Chamber  
  88  6:58  Roach  
  89  7:02  Overlord  
  89  7:06  Overseer  
  89  7:07  Overlord  
  89  7:09  Roach x6  
  89  7:14  Roach x4  
  109  7:17  Baneling x4  
  109  7:20  Roach  
  109  7:21  Roach  
  113  7:23  Zerg Missile Weapons Level 2  
  113  7:28  Roach  
  113  7:29  Roach x2  
  119  7:32  Zerg Ground Armor Level 1  
  119  7:35  Overlord  
  121  7:37  Roach x2  
  121  7:40  Roach x2  
  121  7:41  Ravager  
  121  7:42  Ravager  
  121  7:43  Roach  
  131  7:47  Roach  
  131  7:48  Roach  
  131  7:51  Roach x2  
  139  7:53  Overlord  
  139  7:56  Roach  
  139  7:57  Roach  
  143  7:58  Queen  
  143  8:01  Roach  
  143  8:03  Overlord  
  147  8:07  Roach x2  
  147  8:11  Ravager x2  
  147  8:12  Drone x2  
  155  8:13  Drone x2  
  155  8:15  Roach x2  
  160  8:22  Roach x5  
  160  8:25  Baneling x2  
  160  8:26  Roach  
  173  8:27  Roach  
  173  8:31  Roach  
  175  8:36  Overlord  
  175  8:41  Overlord  
  175  8:52  Overseer  
  174  8:56  Tunneling Claws  
  174  8:57  Overseer  
  174  8:58  Overseer  
  174  9:00  Spine Crawler  
  174  9:01  Spine Crawler  
  174  9:02  Spine Crawler x2  
  168  9:03  Spine Crawler x2  
  168  9:04  Overseer  
  168  9:05  Roach x5  
  172  9:10  Roach x3  
  172  9:17  Roach x4  
  172  9:18  Roach  
  172  9:20  Roach  
  172  9:23  Roach  
  172  9:24  Roach x2  
  183  9:26  Roach x3  
  191  9:34  Overlord  
  191  9:38  Overlord  
  191  9:45  Roach x6  
  183  9:46  Roach x4  
  183  9:49  Roach x2  
  183  9:50  Roach  
  183  9:51  Roach  
  190  9:54  Roach  
  190  9:55  Roach  
  190  9:59  Roach x2  
  185  10:02  Roach x4  
  184  10:12  Ravager  
  184  10:13  Ravager  
  184  10:14  Ravager x4  
  190  10:16  Roach  
  192  10:24  Roach x4  
  200  10:38  Overlord  
  200  10:45  Hydralisk Den  
  200  10:49  Roach  
  199  10:53  Roach  
  199  10:56  Roach x3  
  199  10:57  Roach  
  200  11:00  Roach x3  
Tags
 
Add a new tag
Caveats
  • Supply blocks, unpowered buildings, or Contaminate may cause inaccurate times.
  • Supply counts are checked every 10 seconds.